 Dungeon Crawl Stone Soup version 0.29-a0-356-g7bc237e783 (webtiles) character file.

Game seed: 6064150610140820824

2992 spaghetti the Covert (level 9, 0/75 HPs)
             Began as a Gnoll Delver on Apr 26, 2022.
             Slain by a centaur
             ... wielding a +0 war axe
              (4 damage)
             ... on level 8 of the Dungeon.
             The game lasted 00:21:01 (8121 turns).

spaghetti the Covert (Gnoll Delver)                 Turns: 8121, Time: 00:21:02

Health: 0/75       AC:  7    Str: 10 (13) XL:     9   Next: 83%
Magic:  17/17      EV: 15    Int: 11 (13) God:
Gold:   286        SH:  0    Dex: 18 (19) Spells: 6/18 levels left

rFire   . . .      SeeInvis .   k - +2 dagger (elec) {short}
rCold   . . .      Faith    .   (no shield)
rNeg    . . .      Spirit   .   b - +0 leather armour
rPois   .          Reflect  .   (no helmet)
rElec   .          Harm     .   i - +0 cloak
rCorr   .          Rampage  .   v - +1 pair of gloves
Will    .....                   (no boots)
Stlth   +++++.....              (no amulet)
HPRegen 0.22/turn               m - ring of wizardry
MPRegen 0.15/turn               D - +6 ring of dexterity

@: about to teleport
A: fangs 1, strong nose, distributed training
a: no special abilities


You were on level 8 of the Dungeon.
You visited 1 branch of the dungeon, and saw 8 of its levels.

You collected 286 gold pieces.


Innate Abilities, Weirdness & Mutations

You have very sharp teeth.
Your uncanny sense of smell can sniff out nearby items.
Your experience applies equally to all skills.


   Skills:
 + Level 8.6 Fighting
 + Level 7.1 Short Blades
 + Level 5.4 Long Blades
 + Level 5.4 Axes
 + Level 5.4 Maces & Flails
 + Level 5.4 Polearms
 + Level 5.4 Staves
 + Level 5.4 Slings
 + Level 5.4 Bows
 + Level 5.4 Crossbows
 + Level 5.4 Throwing
 + Level 5.4 Armour
 + Level 7.1 Dodging
 + Level 11.0 Stealth
 + Level 5.4 Shields
 + Level 5.4 Unarmed Combat
 + Level 5.4 Spellcasting
 + Level 4.4 Conjurations
 + Level 4.4 Hexes
 + Level 4.4 Summonings
 + Level 4.4 Necromancy
 + Level 4.4 Translocations
 + Level 4.4 Transmutations
 + Level 4.4 Fire Magic
 + Level 4.4 Ice Magic
 + Level 4.4 Air Magic
 + Level 4.4 Earth Magic
 + Level 4.4 Poison Magic
 + Level 5.9 Invocations
 + Level 5.4 Evocations


You had 6 spell levels left.
You knew the following spells:

 Your Spells              Type           Power      Damage    Failure   Level
a - Stone Arrow           Conj/Erth      24%        3d8       5%          3
b - Metabolic Englaciati  Hex/Ice        6%         N/A       43%         5
c - Animate Armour        Summ/Erth      24%        N/A       17%         4

Your spell library contained the following spells:

 Spells                   Type           Power      Damage    Failure   Level
 Beastly Appendage        Tmut           24%        N/A       1%          1
 Foxfire                  Conj/Fire      48%        2x1d6     1%          1
 Wereblood                Tmut           12%        N/A       2%          2
 Conjure Flame            Conj/Fire      12%        6-21      5%          3
 Inner Flame              Hex/Fire       12%        N/A       5%          3
 Ozocubu's Armour         Ice            12%        N/A       5%          3
 Spider Form              Tmut/Pois      12%        N/A       5%          3
 Flame Wave               Conj/Fire      12%        2d6       17%         4
 Simulacrum               Ice/Necr       6%         N/A       92%         6
 Lehudib's Crystal Spear  Conj/Erth      6%         10d3      100%        8

Inventory:

Hand Weapons
 a - a +0 short sword {short}
 e - a +1 falchion of holy wrath {long}
   (You took it off an orc on level 4 of the Dungeon)
 f - a +1 short sword of flaming {short}
   (You took it off an orc on level 4 of the Dungeon)
 k - a +2 dagger of electrocution (weapon) {short}
   (You took it off an orc wizard on level 8 of the Dungeon)
 l - a +0 spear of flaming {polearm}
   (You found it on level 1 of the Dungeon)
 p - a +4 dagger {short}
   (You took it off a goblin on level 1 of the Dungeon)
 q - a +2 vampiric dagger {short}
   (You took it off an orc priest on level 6 of the Dungeon)
 A - a +1 vorpal quarterstaff {staff}
   (You took it off an orc on level 4 of the Dungeon)
Missiles
 o - 191 stones (quivered) {throwing}
 s - a curare-tipped dart {=fthrowing}
 w - 9 poisoned darts {throwing}
 x - 7 boomerangs {throwing}
Armour
 b - a +0 leather armour (worn)
 i - a +0 cloak (worn)
   (You found it on level 4 of the Dungeon)
 v - a +1 pair of gloves (worn)
   (You found it on level 2 of the Dungeon)
Jewellery
 m - a ring of wizardry (left hand)
   (You found it on level 3 of the Dungeon)
 y - a ring of fire
   (You took it off an orc on level 4 of the Dungeon)
 D - a +6 ring of dexterity (right hand)
   (You found it on level 5 of the Dungeon)
Wands
 g - a wand of digging (1)
 B - a wand of iceblast (33)
   (You took it off Ijyb on level 5 of the Dungeon)
Scrolls
 c - 2 scrolls of fog
 d - 5 scrolls of magic mapping {!r}
 h - 3 scrolls of teleportation {@r4}
 n - 2 scrolls of enchant armour
 t - 2 scrolls of silence {!r}
Potions
 j - a potion of mutation {!q}
 r - a potion of magic

Dungeon Overview and Level Annotations

Branches:
Dungeon (8/15)             Temple (0/1) D:6
   Lair: D:8-11

Altars:
Elyvilon
Makhleb
Uskayaw
Yredelemnul

Shops:
D:2 (   D:4 :   D:5 :   D:7 [

Annotations:
D:8 exclusions: gnoll shaman and 2 killer bees

### ∆# #.. ##
.# #.# .. .. #
.. . ∆#. .#
..##.# .##. .#
. #.. ###.. 5#
### # #[.§#.#
# #..###@c# .
#..§§y##.#.#
.. .. #..§#F#∆
.#. ∆ . #. #..
§§# y.###. ##.
#. ###) #...#
.... # .
∆#)#.# #..#
..y###oo.##..#
...y..yy[...#
...y...yy..#


You could see a bullfrog, a centaur, 2 killer bees and a white imp.


Message History

😕 HP[-10]
You take 10 damage, and now have 65/75 hp.
You are too injured to fight recklessly!
You are too injured to fight recklessly!
You are too injured to fight recklessly!
You are too injured to fight recklessly!
You are too injured to fight recklessly!
You are too injured to fight recklessly!
You are too injured to fight recklessly!
You are too injured to fight recklessly!
You are too injured to fight recklessly!
You are too injured to fight recklessly!
You are too injured to fight recklessly!
You are too injured to fight recklessly!
You are too injured to fight recklessly!
You are too injured to fight recklessly!
You are too injured to fight recklessly!
You are too injured to fight recklessly!
You are too injured to fight recklessly!
You are too injured to fight recklessly!
Unknown command.
You hit the orc warrior but do no damage.
Lightning courses through the orc warrior!
You barely miss the orc warrior.
A slime creature comes into view.
The orc warrior misses you.
The slime creature quivers.
You hit the orc warrior but do no damage.
The orc hits you but does no damage.
The orc warrior hits you with a +2 halberd of flaming!!
The orc warrior burns you!
* * * LOW HITPOINT WARNING * * *
😨 HP[-34]
You take 34 damage, and now have 31/75 hp.
MASSIVE DAMAGE!! (PAUSE)
Casting: Metabolic Englaciation (quite dangerous; 43% risk of failure)
Confirm with . or Enter, or press ? or * to list all spells.
Aiming: Stone Arrow (dangerous; 5% risk of failure)
Press: ? - help, Shift-Dir - straight line, f - orc
Aim: an orc, wielding a +0 whip (68% to hit)
Okay, then.
Okay, then.
Casting: Stone Arrow (dangerous; 5% risk of failure)
Confirm with . or Enter, or press ? or * to list all spells.
You don't know that spell.
As you read the scroll of teleportation {@r4}, it crumbles to dust.
You feel strangely unstable.
The orc warrior closely misses you. 😨 HP[+1]
The orc warrior hits you from afar with a +2 halberd of flaming.
* * * LOW HITPOINT WARNING * * *
The orc warrior burns you.
* * * LOW HITPOINT WARNING * * *
A jelly comes into view. 😨 HP[-5]
You take 5 damage, and now have 27/75 hp.
Your surroundings suddenly seem different.
A centaur comes into view. It is wielding a +0 war axe.
The centaur shouts!
Something shouts, "Decamp, thou foppish dismal-dreaming gudgeon!"
The killer bee buzzes angrily.
The centaur unwields a +0 war axe.
The centaur wields a +0 shortbow.
The centaur shoots an arrow.
The arrow closely misses you.
A bullfrog comes into view.
The killer bee stings you.
* * * LOW HITPOINT WARNING * * *
😨 HP[-6]
You take 6 damage, and now have 21/75 hp.
Unknown command.
Unknown command.
As you read the scroll of fog, it crumbles to dust.
The scroll dissolves into smoke.
The killer bee stings you but does no damage.
The killer bee misses you.
As you read the scroll of teleportation {@r4}, it crumbles to dust.
You feel strangely unstable. The killer bee closely misses you.
The centaur shoots an arrow.
The arrow hits you.
* * * LOW HITPOINT WARNING * * *
The bullfrog misses you. The killer bee barely misses you.
You hear an angry buzzing noise. 😱 HP[-5]
You take 5 damage, and now have 16/75 hp.
Unknown command.
The bullfrog attacks as you move away!
The bullfrog hits you but does no damage.
A white imp comes into view.
You hear an angry buzzing noise.
The centaur unwields a +0 shortbow.
The centaur wields a +0 war axe.
The centaur hits you with a +0 war axe!
* * * LOW HITPOINT WARNING * * *
The centaur misses you. The centaur barely misses you. The centaur kicks you.
* * * LOW HITPOINT WARNING * * *
The killer bee barely misses you. 😱 HP[-12]
You take 12 damage, and now have 4/75 hp.
Unknown command.
Okay, then.
The centaur attacks as you move away! The centaur hits you with a +0 war axe.
You die...

Skill      XL: |  1  2  3  4  5  6  7  8  9 |
---------------+----------------------------+-----
Stealth        | 10 11 | 11.0
Invocations    | 1 4 5 |  5.9
Long Blades    | 1 4 5 |  5.4
Axes           | 1 4 5 |  5.4
Maces & Flails | 1 4 5 |  5.4
Polearms       | 1 4 5 |  5.4
Staves         | 1 4 5 |  5.4
Slings         | 1 4 5 |  5.4
Bows           | 1 4 5 |  5.4
Crossbows      | 1 4 5 |  5.4
Throwing       | 1 4 5 |  5.4
Armour         | 1 4 5 |  5.4
Shields        | 1 4 5 |  5.4
Unarmed Combat | 1 4 5 |  5.4
Spellcasting   | 1 4 5 |  5.4
Evocations     | 1 4 5 |  5.4
Conjurations   | 3 4 |  4.4
Hexes          | 3 4 |  4.4
Summonings     | 3 4 |  4.4
Necromancy     | 3 4 |  4.4
Translocations | 3 4 |  4.4
Transmutations | 3 4 |  4.4
Fire Magic     | 3 4 |  4.4
Ice Magic      | 3 4 |  4.4
Air Magic      | 3 4 |  4.4
Earth Magic    | 3 4 |  4.4
Poison Magic   | 3 4 |  4.4
Fighting       | 7 8 |  8.6
Short Blades   | 6 7 |  7.1
Dodging        | 6 7 |  7.1

Action                   |  1- 3 |  4- 6 |  7- 9 || total
-------------------------+-------+-------+-------++-------
Melee: Short sword       |    51 |       |       ||    51
       Bite              |     4 |     6 |    60 ||    70
       Dagger            |    19 |    36 |   464 ||   519
       Punch             |     1 |     1 |    18 ||    20
       Falchion          |       |       |    18 ||    18
Throw: Stone             |       |    22 |    27 ||    49
 Cast: Stone Arrow       |       |       |     8 ||     8
       Animate Armour    |       |       |     5 ||     5
       Metabolic Englaci |       |       |     1 ||     1
Evoke: Wand              |       |       |     3 ||     3
  Use: Scroll            |     1 |     1 |    14 ||    16
       Potion            |       |     6 |    10 ||    16
 Stab: Sleeping          |    16 |     1 |    11 ||    28
       Distracted        |       |       |     1 ||     1
Armor: Leather armour    |    11 |     4 |   116 ||   131
       Skin              |       |       |    41 ||    41
Dodge: Dodged            |    32 |    19 |   294 ||   345

Levels and vault maps discovered:
D:1:      spicycebolla_arrival_teleporter_tutorial, layout_basic,
          shapermc_ecumenical_altar_mp_ritualfount
D:2:      layout_rooms, serial_shops, nicolae_shop_bloodbath_and_beyond,
          glass_columns_a, minmay_hexomino_p4, uniq_natasha
D:3:      layout_loops_ring, lemuel_coloured_pillars_altar,
          overflow_temple_1_default, uniq_grinder
D:4:      layout_loops_ring, elyvilon_altar_1, nicolae_overflow_crystal_walls,
          serial_shops, shop, grunt_ministairs_9
D:5:      layout_loops_cross, serial_shops, nicolae_shop_hallway_stairs,
          uniq_ijyb
D:6:      layout_gridville, minmay_temple_entry_tees,
          hangedman_abyss_or_decor_stabs, abandoned_shop,
          amcnicky_mini_pool_small
D:7:      layout_layer_cave, enter_bailey_4, serial_shops, shop_fountains,
          uniq_menkaure
D:8:      minmay_the_grid_triangle_9x9_recursive_2
          [minmay_the_grid_triangle_9x9_prize_schism,
          minmay_the_grid_triangle_9x9_minimal,
          minmay_the_grid_triangle_9x9_thin_v,
          minmay_the_grid_triangle_9x9_sprig], layout_loops_cross,
          vehumet_statue, nicolae_gozag_seed_capital, minmay_starry_boxes

Notes
Turn   | Place    | Note
-------+----------+-------------------------------------------
     0 | D:5      | Reached skill level 9 in Stealth
     0 | D:5      | spaghetti the Gnoll Delver began the quest for the Orb.
     0 | D:5      | Reached XP level 1. HP: 23/23 MP: 1/1
     0 | D:5      | magus.rc [v1.9.6]
    14 | D:5      | Noticed a scorpion
    44 | D:6      | Noticed an ogre
   140 | D:4      | Noticed an ogre
   165 | D:4      | Reached XP level 2. HP: 29/29 MP: 2/2
   201 | D:4      | Found a white marble altar of Elyvilon.
   223 | D:4      | Noticed a phantom
   253 | D:4      | Found a burning altar of Makhleb.
   331 | D:3      | Reached XP level 3. HP: 35/35 MP: 3/3
   350 | D:2      | Found Nayjanef's Weapon Shoppe.
   392 | D:1      | Found a transporter.
   736 | D:1      | Found a faded altar of an unknown god.
   739 | D:1      | Reached skill level 1 in Invocations
   836 | D:1      | Found a transporter.
   971 | D:1      | You pick up a book of Armaments and begin reading...
   971 | D:1      | You add the spells Stone Arrow, Animate Armour and
                  | Lehudib's Crystal Spear to your library.
  1142 | D:2      | Reached skill level 1 in Long Blades
  1142 | D:2      | Reached skill level 1 in Axes
  1142 | D:2      | Reached skill level 1 in Maces & Flails
  1142 | D:2      | Reached skill level 1 in Polearms
  1142 | D:2      | Reached skill level 1 in Staves
  1142 | D:2      | Reached skill level 1 in Slings
  1142 | D:2      | Reached skill level 1 in Bows
  1142 | D:2      | Reached skill level 1 in Crossbows
  1142 | D:2      | Reached skill level 1 in Throwing
  1142 | D:2      | Reached skill level 1 in Armour
  1142 | D:2      | Reached skill level 1 in Shields
  1142 | D:2      | Reached skill level 1 in Unarmed Combat
  1142 | D:2      | Reached skill level 1 in Spellcasting
  1142 | D:2      | Reached skill level 1 in Evocations
  1240 | D:2      | Noticed Natasha
  1245 | D:2      | Killed Natasha
  1246 | D:2      | Reached XP level 4. HP: 41/41 MP: 5/5
  1269 | D:2      | Noticed Natasha
  1276 | D:2      | Killed Natasha
  1277 | D:2      | Reached skill level 1 in Conjurations
  1277 | D:2      | Reached skill level 1 in Hexes
  1277 | D:2      | Reached skill level 1 in Summonings
  1277 | D:2      | Reached skill level 1 in Necromancy
  1277 | D:2      | Reached skill level 1 in Translocations
  1277 | D:2      | Reached skill level 1 in Transmutations
  1277 | D:2      | Reached skill level 1 in Fire Magic
  1277 | D:2      | Reached skill level 1 in Ice Magic
  1277 | D:2      | Reached skill level 1 in Air Magic
  1277 | D:2      | Reached skill level 1 in Earth Magic
  1277 | D:2      | Reached skill level 1 in Poison Magic
  1330 | D:2      | Noticed Natasha
  1334 | D:2      | Noticed a phantom
  1340 | D:2      | Identified a potion of experience
  1340 | D:2      | Reached skill level 7 in Fighting
  1340 | D:2      | Reached skill level 6 in Short Blades
  1340 | D:2      | Reached skill level 4 in Long Blades
  1340 | D:2      | Reached skill level 4 in Axes
  1340 | D:2      | Reached skill level 4 in Maces & Flails
  1340 | D:2      | Reached skill level 4 in Polearms
  1340 | D:2      | Reached skill level 4 in Staves
  1340 | D:2      | Reached skill level 4 in Slings
  1340 | D:2      | Reached skill level 4 in Bows
  1340 | D:2      | Reached skill level 4 in Crossbows
  1340 | D:2      | Reached skill level 4 in Throwing
  1340 | D:2      | Reached skill level 4 in Armour
  1340 | D:2      | Reached skill level 6 in Dodging
  1340 | D:2      | Reached skill level 10 in Stealth
  1340 | D:2      | Reached skill level 4 in Shields
  1340 | D:2      | Reached skill level 4 in Unarmed Combat
  1340 | D:2      | Reached skill level 4 in Spellcasting
  1340 | D:2      | Reached skill level 3 in Conjurations
  1340 | D:2      | Reached skill level 3 in Hexes
  1340 | D:2      | Reached skill level 3 in Summonings
  1340 | D:2      | Reached skill level 3 in Necromancy
  1340 | D:2      | Reached skill level 3 in Translocations
  1340 | D:2      | Reached skill level 3 in Transmutations
  1340 | D:2      | Reached skill level 3 in Fire Magic
  1340 | D:2      | Reached skill level 3 in Ice Magic
  1340 | D:2      | Reached skill level 3 in Air Magic
  1340 | D:2      | Reached skill level 3 in Earth Magic
  1340 | D:2      | Reached skill level 3 in Poison Magic
  1340 | D:2      | Reached skill level 4 in Invocations
  1340 | D:2      | Reached skill level 4 in Evocations
  1340 | D:2      | Reached XP level 5. HP: 37/49 MP: 5/11
  1367 | D:4      | Killed a phantom
  1368 | D:4      | Reached XP level 6. HP: 21/56 MP: 12/12
  1915 | D:4      | Reached XP level 7. HP: 61/61 MP: 13/13
  1994 | D:4      | Found Fumuu's Book Boutique.
  2315 | D:3      | Killed Natasha
  2316 | D:3      | Reached skill level 8 in Fighting
  2375 | D:3      | Found a basalt altar of Yredelemnul.
  2455 | D:3      | Learned a level 3 spell: Stone Arrow
  2492 | D:3      | You pick up a book of Winter and begin reading...
  2492 | D:3      | You add the spells Ozocubu's Armour, Metabolic Englaciation
                  | and Simulacrum to your library.
  2499 | D:3      | Learned a level 5 spell: Metabolic Englaciation
  2511 | D:3      | Found a hide-covered altar of Uskayaw.
  2870 | D:3      | Noticed Grinder
  2882 | D:3      | Killed Grinder
  3224 | D:4      | Reached skill level 5 in Invocations
  3351 | D:4      | Reached XP level 8. HP: 61/68 MP: 7/14
  3476 | D:4      | Learned a level 4 spell: Animate Armour
  3616 | D:5      | Noticed Ijyb
  3618 | D:5      | Killed Ijyb
  3735 | D:5      | Found Feyfriu's Book Shop.
  4574 | D:6      | Reached skill level 4 in Conjurations
  4574 | D:6      | Reached skill level 4 in Hexes
  4574 | D:6      | Reached skill level 4 in Summonings
  4574 | D:6      | Reached skill level 4 in Necromancy
  4574 | D:6      | Reached skill level 4 in Translocations
  4574 | D:6      | Reached skill level 4 in Transmutations
  4574 | D:6      | Reached skill level 4 in Fire Magic
  4574 | D:6      | Reached skill level 4 in Ice Magic
  4574 | D:6      | Reached skill level 4 in Air Magic
  4574 | D:6      | Reached skill level 4 in Earth Magic
  4574 | D:6      | Reached skill level 4 in Poison Magic
  4591 | D:6      | You pick up a book of Flames and begin reading...
  4591 | D:6      | You add the spells Foxfire, Conjure Flame, Inner Flame and
                  | Flame Wave to your library.
  4690 | D:6      | Found a staircase to the Ecumenical Temple.
  4789 | D:6      | HP: 5/68 [something/puff of flame (14)]
  4792 | D:6      | HP: 1/68 [orc/+0 mace (4)]
  5111 | D:6      | Reached skill level 5 in Long Blades
  5111 | D:6      | Reached skill level 5 in Axes
  5111 | D:6      | Reached skill level 5 in Maces & Flails
  5111 | D:6      | Reached skill level 5 in Polearms
  5111 | D:6      | Reached skill level 5 in Staves
  5111 | D:6      | Reached skill level 5 in Slings
  5111 | D:6      | Reached skill level 5 in Bows
  5111 | D:6      | Reached skill level 5 in Crossbows
  5111 | D:6      | Reached skill level 5 in Throwing
  5111 | D:6      | Reached skill level 5 in Armour
  5111 | D:6      | Reached skill level 5 in Shields
  5111 | D:6      | Reached skill level 5 in Unarmed Combat
  5111 | D:6      | Reached skill level 5 in Spellcasting
  5111 | D:6      | Reached skill level 5 in Evocations
  5123 | D:6      | Reached XP level 9. HP: 67/75 MP: 16/16
  5582 | D:7      | Noticed Menkaure
  5589 | D:7      | Killed Menkaure
  5637 | D:7      | HP: 16/75 [something (14)]
  5666 | D:7      | Found Feicir's Armour Shop.
  6105 | D:7      | HP: 16/75 [black bear (10)]
  6108 | D:7      | Reached skill level 7 in Short Blades
  6108 | D:7      | Reached skill level 7 in Dodging
  6504 | D:7      | HP: 10/75 [yak (11)]
  6509 | D:7      | HP: 6/75 [something (5)]
  7731 | D:8      | You pick up a book of Changes and begin reading...
  7731 | D:8      | You add the spells Beastly Appendage, Wereblood and Spider
                  | Form to your library.
  7950 | D:8      | Reached skill level 11 in Stealth
  8119 | D:8      | HP: 16/75 [centaur/arrow (5)]
  8120 | D:8      | HP: 5/75 [centaur/+0 war axe (12)]
  8121 | D:8      | Slain by a centaur

Vanquished Creatures
  Grinder (D:3)
  A shadow (D:7)
  A yak (D:7)
  Menkaure (D:7)
  An ice beast (D:5)
  3 black bears
  4 ogres
  3 phantoms
  A kobold brigand (D:8)
  2 bullfrogs
  A scorpion (D:6)
  5 killer bees (D:8)
  2 jellies
  An orc priest (D:6)
  2 hounds (D:6)
  3 iguanas
  Ijyb (D:5)
  7 orc wizards
  Natasha (thrice) (D:2 D:3)
  3 gnolls (D:4)
  4 adders
  3 white imps
  An ufetubus (D:4)
  A worm (D:3)
  A dart slug (D:1)
  28 orcs
  3 ball pythons
  5 endoplasms
  3 giant cockroaches
  13 goblins
  8 hobgoblins
  4 jackals (D:4)
  2 quokkas
  4 bats
  3 frilled lizards
  7 kobolds
  2 rats (D:2)
138 creatures vanquished.

Vanquished Creatures (collateral kills)
  A yak (D:7)
  An orc warrior (D:8)
2 creatures vanquished.

Vanquished Creatures (others)
  A fungus (D:4)
1 creature vanquished.

Grand Total: 141 creatures vanquished

Table legend:
 A = Non-vault XP
 B = Vault XP
 C = Vault XP percentage of total XP
 D = Non-vault monster count
 E = Vault monster count
 F = Vault count percentage of total count
                 A         B        C        D         E       F
            +---------+---------+-------+---------+---------+-------
      Total |    3361 |     779 |  18.8 |     127 |      13 |   9.3
            +---------+---------+-------+---------+---------+-------
        D:1 |      29 |       0 |   0.0 |      15 |       0 |   0.0
        D:2 |      46 |      33 |  41.8 |       9 |       1 |  10.0
        D:3 |      69 |     254 |  78.6 |      14 |       1 |   6.7
        D:4 |     594 |     100 |  14.4 |      40 |       1 |   2.4
        D:5 |     384 |      36 |   8.6 |      15 |       1 |   6.2
        D:6 |     751 |       0 |   0.0 |      14 |       0 |   0.0
        D:7 |    1007 |     181 |  15.2 |      10 |       6 |  37.5
        D:8 |     481 |     175 |  26.7 |      10 |       3 |  23.1
            +---------+---------+-------+---------+---------+-------

Illustrated notes

Table legend:
 A = Kills in this place as a percentage of kills in entire the game.
 B = Kills by you in this place as a percentage of kills by you in the entire game.
 C = Kills by friends in this place as a percentage of kills by friends in the entire game.
 D = Other kills in this place as a percentage of other kills in the entire game.
 E = Experience gained in this place as a percentage of experience gained in the entire game.
 F = Experience gained in this place divided by the number of levels of this place that you have seen.
                   A       B       C       D       E      F
               +-------+-------+-------+-------+-------+----------------------
         Total | 100.0 | 100.0 | 100.0 |   N/A | 100.0 | 517.5
       Dungeon | 100.0 | 100.0 | 100.0 |   N/A | 100.0 | 517.5
               +-------+-------+-------+-------+-------+----------------------

Table legend: (Time is in decaauts)
 A = Elapsed time spent in this place.
 B = Non-inter-level travel time spent in this place.
 C = Inter-level travel time spent in this place.
 D = Time resting spent in this place.
 E = Time spent auto-exploring this place.
 F = Levels seen in this place.
 G = Mean time per level.
                   A        B        C        D        E       F      G
               +--------+--------+--------+--------+--------+-----+--------+
         Total |   7944 |   7754 |    190 |   1236 |   5106 |   8 |  993.0 |
       Dungeon |   7944 |   7754 |    190 |   1236 |   5106 |   8 |  993.0 |
               +--------+--------+--------+--------+--------+-----+--------+

Top non-repeatable levels by time:
     D:7: 1813 daAuts
     D:4: 1364 daAuts
     D:6: 1200 daAuts
     D:3: 1043 daAuts
     D:5: 996 daAuts
     D:1: 659 daAuts
     D:8: 515 daAuts
     D:2: 351 daAuts
